 Dungeon Crawl Stone Soup version 0.29.1-12-g30fa7ad0bf (webtiles) character file.

Game seed: 10041258847719798313

3700 MisterFreud the Nimble (level 9, -6/61 HPs)
             Began as a Felid Berserker on Jan 9, 2023.
             Was a Priest of Trog.
             Killed by divine providence
             ... invoked by an orc priest
              (10 damage)
             ... on level 9 of the Dungeon.
             The game lasted 00:09:57 (9954 turns).

MisterFreud the Nimble (Felid Berserker)            Turns: 9954, Time: 00:09:58

Health: -6/61      AC:  2    Str: 19    XL:     9   Next: 91%
Magic:  10/10      EV: 28    Int:  8    God:    Trog [***...]
Gold:   435        SH:  0    Dex: 20    Spells: 8/8 levels left
                                        Lives:  0   Deaths: 2

rFire   . . .      SeeInvis +     - Unarmed
rCold   . . .      Faith    .   (shield unavailable)
rNeg    . . .      Spirit   .   (body armour unavailable)
rPois   .          Reflect  .   (helmet unavailable)
rElec   .          Harm     .   (cloak unavailable)
rCorr   .          Rampage  .   (gloves unavailable)
Will    +++..                   (boots unavailable)
Stlth   ..........              (no amulet)
HPRegen 1.20/turn               f - +6 ring of strength
MPRegen 0.12/turn               (no ring)

@: berserking, strong-willed, regenerating, very quick
A: very small, claws 1, fangs 3, see invisible, speed 1, shaggy fur 2, stealthy
paws, no weapons or thrown items, no armour, multi-lived
a: Renounce Religion, Berserk, Trog's Hand


You were on level 9 of the Dungeon.
You worshipped Trog.
Trog was most pleased with you.
You visited 1 branch of the dungeon, and saw 9 of its levels.
You also visited: Bailey.

You collected 623 gold pieces.
You spent 188 gold pieces at shops.

Inventory:

Jewellery
 f - a +6 ring of strength (left paw)
Wands
 o - a wand of polymorph (11)
 t - a wand of roots (12)
 v - a wand of flame (4)
 x - a wand of charming (4)
Scrolls
 j - 2 scrolls of butterflies
 k - 5 scrolls of teleportation
 l - 3 scrolls of blinking
 m - 2 scrolls of fear
Potions
 a - 2 potions of heal wounds
 b - 5 potions of curing
 c - a potion of cancellation {unknown}
 d - 2 potions of attraction
 e - 2 potions of flight
 g - 2 potions of lignification {unknown}
 h - a potion of haste {unknown}
 n - 2 potions of resistance {unknown}
 p - 4 potions of mutation
 q - 2 potions of berserk rage {unknown}
 r - 2 potions of invisibility
 s - 2 potions of might {unknown}
Miscellaneous
 i - a lightning rod (4/4)


   Skills:
 - Level 6.0 Fighting
 + Level 12.9 Dodging
 - Level 10.0 Stealth
 + Level 9.0 Unarmed Combat


You had 8 spell levels left.
You didn't know any spells.
Your spell library was empty.

Dungeon Overview and Level Annotations

Branches:
Dungeon (9/15)             Temple (0/1) D:7          Bailey (visited)
   Lair: D:8-11         Orc: D:9-12

Altars:
Ashenzari
Dithmenos
Hepliaklqana
Sif Muna
Trog
Wu Jian
Xom

Shops:
D:2 :   D:4 ?   D:6 **

Annotations:
D:5 Pikel


Innate Abilities, Weirdness & Mutations

You have sharp claws.
You have razor-sharp teeth.
You have supernaturally acute eyesight. (SInv)
You cover ground quickly. (Speed+)
You are covered in thick fur. (AC +2)
Your paws help you pounce on unaware monsters.
You are incapable of wielding weapons or throwing items.
You cannot wear armour.
You gain extra lives every three experience levels.


Message History

Trog accepts your kill.
Trog appreciates your killing of a magic user.
The orc warrior hits you with a +0 war axe!
The orc priest completely misses you.
You completely miss the orc warrior.
The orc warrior hits you with a +0 war axe!
You're still recovering from your berserk rage.
You barely miss the orc warrior. You barely miss the orc warrior.
You recover from your berserk rage.
The orc warrior completely misses you. The orc priest closely misses you.
The orc wizard barely misses you.
Your skin crawls.
You feel strong-willed. The orc warrior closely misses you.
The orc priest hits you but does no damage.
The orc wizard completely misses you.
A red film seems to cover your vision as you go berserk!
You feel yourself moving faster!
You feel mighty!
The orc warrior hits you with a +0 war axe!
The orc priest misses you.
The orc wizard hits you with a +0 dagger.
Unknown command.
You scratch the orc warrior. You claw the orc warrior!
Your bite misses the orc warrior.
The orc warrior is moderately wounded.
The orc wizard hits you with a +0 dagger.
* * * LOW HITPOINT WARNING * * *
The kobold misses you. The kobold completely misses you.
The kobold brigand completely misses you.
The orc warrior hits you with a +0 war axe!
* * * LOW HITPOINT WARNING * * *
The orc priest closely misses you.
You scratch the orc warrior. You bite the orc warrior.
The orc warrior is heavily wounded.
Unknown command.
The kobold completely misses you.
The orc priest invokes the aid of Beogh against you.
Beogh smites you!
You die...

....P.P #. .P...P. #.
....PPP #. . .P.P..P #.
..#######..... #######.
.$......s...# #.......
.........o..+ #.......
......KKooh.# #.......
.......@K...# #.......
............# #.......
............# #.......
............# #.......
............# +.......
............#####.......
...................#####
...................#....
.......))..........#....


You could see an orc warrior, a black bear, a kobold brigand, a scorpion, an orc
priest, an orc wizard and 2 kobolds.

Vanquished Creatures
  2 two-headed ogres (D:9)
  Grinder (D:5)
  Sigmund (D:5)
  A steam dragon (D:9)
  Menkaure (D:6)
  An acid dragon (D:8)
  Duvessa (D:4)
  10 orc warriors
  3 ice beasts
  An ogre (D:5)
  2 centaurs
  2 bullfrogs
  A necrophage (D:7)
  3 scorpions
  An elf skeleton (D:8)
  8 wights
  Dowan (D:4)
  A human zombie (D:8)
  4 jellies
  3 orc priests
  2 hounds
  A gnoll bouda (D:5)
  A human skeleton (D:8)
  2 iguanas
  8 orc wizards
  3 adders
  5 gnolls
  3 shadow imps
  2 ufetubi (D:5)
  A dart slug (D:2)
  40 orcs
  5 ball pythons
  9 bats
  7 endoplasms
  2 giant cockroaches
  3 goblins
  3 hobgoblins
  A jackal (D:3)
  5 kobolds
  A quokka (D:1)
  4 frilled lizards
  3 orc skeletons (D:8)
  7 rats
166 creatures vanquished.

Vanquished Creatures (others)
  An orc wizard (D:9)
1 creature vanquished.

Grand Total: 167 creatures vanquished

Notes
Turn   | Place    | Note
-------+----------+-------------------------------------------
     0 | D:1      | MisterFreud the Felid Berserker began the quest for the
                  | Orb.
     0 | D:1      | Reached XP level 1. HP: 10/10 MP: 2/2
   100 | D:1      | Reached skill level 1 in Stealth
   563 | D:1      | Reached XP level 2. HP: 14/14 MP: 3/3
  1088 | D:2      | Reached XP level 3. HP: 13/17 MP: 4/4
  1590 | D:2      | Found Ytosodau's Book Boutique.
  1597 | D:2      | Found a broken altar of Ashenzari.
  1674 | D:2      | Found a faded altar of an unknown god.
  2369 | D:3      | Reached ** piety under Trog
  2414 | D:3      | Found a shadowy altar of Dithmenos.
  2804 | D:3      | Reached XP level 4. HP: 21/21 MP: 5/5
  2914 | D:3      | You fall into a shaft and drop 1 floor!
  2923 | D:4      | Noticed Duvessa
  2923 | D:4      | Noticed Dowan
  2932 | D:4      | Killed Duvessa
  2933 | D:4      | Reached skill level 5 in Stealth
  2933 | D:4      | Reached XP level 5. HP: 16/24 MP: 6/6
  2962 | D:4      | Killed Dowan
  2963 | D:4      | Reached skill level 5 in Unarmed Combat
  3171 | D:4      | Gained mutation: You are covered in thick fur. (AC +2)
                  | [Felid growth]
  3171 | D:4      | Reached XP level 6. HP: 28/28 MP: 7/7
  3234 | D:4      | Found a shimmering blue altar of Sif Muna.
  3450 | D:4      | Found Zomeus's Magic Scroll Shoppe.
  3458 | D:4      | Bought a scroll of fear for 52 gold pieces
  3458 | D:4      | Bought a scroll of blinking for 97 gold pieces
  3783 | D:5      | Entered Level 5 of the Dungeon
  3968 | D:5      | Noticed Grinder
  3981 | D:5      | Killed Grinder
  3982 | D:5      | Reached skill level 6 in Dodging
  3982 | D:5      | Reached XP level 7. HP: 31/31 MP: 8/8
  4140 | D:5      | Noticed Sigmund
  4152 | D:5      | Killed Sigmund
  4153 | D:5      | Reached skill level 8 in Dodging
  4175 | D:5      | Noticed Pikel
  4184 | D:5      | Mangled by Pikel
  4185 | D:5      | Reached XP level 6. HP: -6/28 MP: 7/7
  4483 | D:5      | Noticed an ice beast
  4490 | D:5      | Killed an ice beast
  4491 | D:5      | Reached XP level 7. HP: 31/31 MP: 8/8
  4547 | D:5      | Reached skill level 9 in Dodging
  5195 | D:6      | Noticed Menkaure
  5202 | D:6      | Killed Menkaure
  5203 | D:6      | Reached skill level 10 in Dodging
  5520 | D:6      | Found Isoin's Specific Store.
  5522 | D:6      | Found Tacrepp's General Store.
  5526 | D:6      | Bought a potion of curing for 39 gold pieces
  5898 | D:7      | Reached XP level 8. HP: 36/36 MP: 9/9
  5908 | D:7      | Reached skill level 5 in Fighting
  6586 | D:7      | Found a staircase to the Ecumenical Temple.
  6632 | D:7      | Reached *** piety under Trog
  7054 | D:8      | Found a flagged portal.
  7088 | Bailey   | Entered a bailey
  7286 | Bailey   | Reached XP level 9. HP: 19/41 MP: 10/10
  7522 | Bailey   | Reached skill level 11 in Dodging
  7664 | Bailey   | Slain by an orc warrior
  7665 | Bailey   | Reached XP level 8. HP: -2/57 MP: 9/9
  7766 | Bailey   | Identified the +4 hand axe "Qisadghu" {pain, rF- Dex+3
                  | SInv}
  8025 | D:8      | Found an ornate altar of the Wu Jian Council.
  8621 | D:8      | Found a shimmering altar of Xom.
  8624 | D:8      | Found a hazy altar of Hepliaklqana.
  8629 | D:8      | Found a bloodstained altar of Trog.
  8981 | D:9      | Reached XP level 9. HP: 18/41 MP: 10/10
  9212 | D:9      | Noticed a two-headed ogre
  9222 | D:9      | Killed a two-headed ogre
  9223 | D:9      | Reached skill level 12 in Dodging
  9229 | D:9      | Reached skill level 10 in Stealth
  9516 | D:9      | Noticed a two-headed ogre
  9528 | D:9      | Killed a two-headed ogre
  9532 | D:9      | HP: 1/41 [steam dragon] (14)]
  9952 | D:9      | HP: 2/61 [orc warrior/+0 war axe (16)]
  9954 | D:9      | Killed from afar by an orc priest

Illustrated notes

Levels and vault maps discovered:
D:1:      dpeg_arrival_round_a, layout_basic, grunt_decor_resistance
D:2:      minmay_general_purpose_star, layout_loops_cross, serial_shops, shop,
          shapermc_ecumenical_altar_flowoftime, basic_altar,
          minmay_misc_feat_square
D:3:      minmay_thinvault, layout_loops_ring, grunt_dithmenos_smoke,
          serial_glass, glass_columns_a, glass_columns_b,
          minmay_increasing_density
D:4:      layout_basic, nicolae_sif_muna_little_library, serial_shops,
          shop_statue, minmay_statues_item, uniq_duvessa
D:5:      layout_basic, kennysheep_generic_room_11, uniq_sigmund, uniq_pikel,
          uniq_grinder
D:6:      layout_gridville, minivault_19, nicolae_specific_store,
          kennysheep_cross_bottleneck, uniq_menkaure
D:7:      layout_loops_cross, temple_pool_b
D:8:      layout_loops_corners, grunt_temple_overflow_diamond,
          nzn_wu_jian_council_hall, nicolae_ossuary_entry_catacombs,
          enter_bailey_2
D:9:      layout_gridville, grunt_lair_entry_orc_guard_hut, uniq_joseph,
          uniq_maggie

Skill      XL: |  1  2  3  4  5  6  7  8  9 |
---------------+----------------------------+-----
Stealth        | 1 2 3 5 6 9 10 | 10.0
Unarmed Combat | 4 5 6 9 |  9.0
Dodging        | 6 10 12 | 12.9
Fighting       | 4 6 |  6.0

Action                   |  1- 3 |  4- 6 |  7- 9 || total
-------------------------+-------+-------+-------++-------
Melee: Unarmed           |    88 |    67 |   327 ||   482
       Bite              |     5 |     5 |    54 ||    64
       Punch             |       |     2 |    13 ||    15
Invok: Berserk           |     2 |     3 |    18 ||    23
       Trog's Hand       |       |       |     1 ||     1
  Use: Scroll            |     4 |     3 |     6 ||    13
       Potion            |       |     2 |     1 ||     3
 Stab: Sleeping          |    13 |     6 |    17 ||    36
       Distracted        |     1 |       |       ||     1
Armor: Skin              |    10 |     4 |    11 ||    25
Dodge: Dodged            |    58 |    52 |   297 ||   407
